 Dungeon Crawl Stone Soup version 0.28-a0-268-g3f656e82c2 (webtiles) character file.

Game seed: 7267400907462193291

20593640 kuniqs the Sage (level 27, 244/244 HPs)
             Began as a Demonspawn Conjurer on Aug 28, 2021.
             Was a High Priest of Sif Muna.
             Escaped with the Orb
             ... and 15 runes on Aug 29, 2021!
             The game lasted 05:12:00 (74307 turns).

kuniqs the Sage (Demonspawn Conjurer)              Turns: 74307, Time: 05:12:00

Health: 244/244    AC: 17    Str:  6    XL:     27
Magic:  47/54      EV: 22    Int: 53    God:    Sif Muna [*****.]
Gold:   6026       SH: 14    Dex:  9    Spells: 3/80 levels left

rFire   + + .      SeeInvis +   p - staff of conjuration {@q3}
rCold   + . .      Faith    .   D - +2 kite shield "Wacs" {rElec Regen+ Str-5 Int+4}
rNeg    + + .      Spirit   +   H - +2 troll leather armour "Juyptic" {Regen+ SInv}
rPois   +          Reflect  .   V - +0 helmet "Plog" {rF++ rC+ Stlth-}
rElec   +          Harm     .   m - +2 cloak of Dyspraxia {Int+6 Dex-4 SInv}
rCorr   .          Rampage  .   Y - +2 pair of gloves {Str+3}
Will    ++++.                   (boots unavailable)
Stlth   ++........              N - macabre finger necklace {rN+}
HPRegen 5.50/turn               r - ring "Ese Ashroisua" {rPois EV+4 Int+8 Dex-5 Slay-5}
MPRegen 0.68/turn               w - ring of Amelioration {Drain rN+ Will+ Dex+7, @q6}
                                S - ring "Lesue" {Wiz +Blink Will+ SInv}

@: studying 5 skills
A: talons 3, powered by death 3, augmentation 3, magic shield, magic
regeneration, magic link, sturdy frame 3, clever 1, robust 1, MP-powered wands
0: Orb of Zot
}: 15/15 runes: decaying, slimy, silver, golden, iron, obsidian, icy, bone,
abyssal, demonic, glowing, magical, fiery, dark, gossamer
a: Renounce Religion, Evoke Blink, Channel Magic, Forget Spell, Divine Exegesis


You escaped.
You worshipped Sif Muna.
Sif Muna was extremely pleased with you.
You visited 18 branches of the dungeon, and saw 89 of its levels.
You visited Pandemonium 3 times, and saw 22 of its levels.
You visited the Abyss 1 time.
You visited 1 bazaar.
You also visited: Sewer, Gauntlet, Ice Cave and Wizlab.

You collected 11007 gold pieces.
You spent 4981 gold pieces at shops.

Inventory:

Armour
 m - the +2 cloak of Dyspraxia (worn) {Int+6 Dex-4 SInv}
   (You acquired it on level 5 of the Depths)

   Int:       It affects your intelligence (+6).
   Dex:       It affects your dexterity (-4).
   SInv:      It lets you see invisible.
 D - the +2 kite shield "Wacs" (worn) {rElec Regen+ Str-5 Int+4}
   (You found it on level 3 of the Elven Halls)

   Str:       It affects your strength (-5).
   Int:       It affects your intelligence (+4).
   rElec:     It insulates you from electricity.
   Regen:     It increases your rate of health regeneration.
 H - the +2 troll leather armour "Juyptic" (worn) {Regen+ SInv}
   (You found it on level 5 of the Pits of Slime)

   SInv:      It lets you see invisible.
   Regen:     It increases your rate of health regeneration.
 V - the +0 helmet "Plog" (worn) {rF++ rC+ Stlth-}
   (You found it in Pandemonium)

   rF:        It greatly protects you from fire.
   rC:        It protects you from cold.
   Stlth:     It makes you less stealthy.
 Y - a +2 pair of gloves of strength (worn)
Magical Staves
 p - a staff of conjuration (weapon) {@q3}
Jewellery
 r - the ring "Ese Ashroisua" (left hand) {rPois EV+4 Int+8 Dex-5 Slay-5}
   (You bought it in a shop on level 12 of the Dungeon)

   [ring of evasion]

   EV:        It affects your evasion (+4).
   Int:       It affects your intelligence (+8).
   Dex:       It affects your dexterity (-5).
   Slay:      It affects your accuracy & damage with ranged weapons and melee
   (-5).
   rPois:     It protects you from poison.
 w - the ring of Amelioration (right hand) {Drain rN+ Will+ Dex+7, @q6}
   (You found it on level 7 of Gehenna)

   [ring of positive energy]

   Dex:       It affects your dexterity (+7).
   rN:        It protects you from negative energy.
   Drain:     It drains your maximum health when unequipped.
   Will:      It increases your willpower.
 N - the macabre finger necklace (around neck) {rN+}
   (You found it on level 5 of the Pits of Slime)

   [amulet of nothing]

   It enables you to equip an extra ring.
   rN:        It protects you from negative energy.
 S - the ring "Lesue" (on amulet) {Wiz +Blink Will+ SInv}
   (You found it in Pandemonium)

   [ring of wizardry]

   It improves your spell success rate.
   SInv:      It lets you see invisible.
   +Blink:    It lets you blink.
   Will:      It increases your willpower.
Wands
 a - a wand of iceblast (29)
 j - a wand of charming (21)
 o - a wand of digging (7)
 s - a wand of mindburst (37)
 F - a wand of paralysis (40)
 J - a wand of polymorph (16)
 L - a wand of flame (167)
 M - a wand of acid (18)
Scrolls
 d - 4 scrolls of enchant armour
 e - 8 scrolls of fog {@r5}
 v - 4 scrolls of amnesia
 K - 3 scrolls of blinking {@r3}
 Q - 7 scrolls of immolation
 R - 2 scrolls of magic mapping {@q3}
 W - 5 scrolls of fear {@r4}
 X - 3 scrolls of summoning
Potions
 b - 4 potions of flight
 c - 29 potions of curing {@q1}
 g - 6 potions of brilliance {@q7}
 h - 10 potions of cancellation
 k - 13 potions of haste {@q5}
 l - 6 potions of magic {@q3}
 n - 9 potions of invisibility {@q4}
 q - 10 potions of resistance {@q6}
 u - 11 potions of attraction
 x - 14 potions of ambrosia
 B - 9 potions of mutation
 E - 10 potions of lignification
 P - 20 potions of heal wounds {@q2}
Miscellaneous
 f - a figurine of a ziggurat
 G - a condenser vane
 U - a tin of tremorstones (2/2)


   Skills:
 + Level 19.5 Fighting
 - Level 12.0 Staves
 - Level 15.0 Armour
 - Level 20.7 Dodging
 - Level 15.2 Stealth
 - Level 15.0 Shields
 O Level 27 Spellcasting
 O Level 27 Conjurations
 - Level 4.0 Hexes
 - Level 13.5 Necromancy
 - Level 4.0 Translocations
 - Level 11.2 Transmutations
 - Level 11.0 Fire Magic
 - Level 14.4 Ice Magic
 - Level 18.1 Air Magic
 O Level 27 Invocations
 - Level 9.0 Evocations


You had 3 spell levels left.
You knew the following spells:

 Your Spells              Type           Power      Damage    Failure   Level
a - Chain Lightning       Conj/Air       100%       3d133     1%          9
b - Ozocubu's Refrigerat  Ice            86%        4d22      1%          7
c - Lehudib's Crystal Sp  Conj/Erth      98%        10d21     1%          8
d - Irradiate             Conj/Tmut      100%       3d47      0%          5
f - Necromutation         Tmut/Necr      82%        N/A       2%          8
g - Fireball              Conj/Fire      100%       3d36      0%          5
h - Ozocubu's Armour      Ice            100%       N/A       0%          3
i - Orb of Destruction    Conj           100%       9d22      0%          7
p - Polar Vortex          Ice            86%        N/A       14%         9
s - Fire Storm            Conj/Fire      100%       8d25      2%          9
u - Dispel Undead         Necr           100%       3d31      0%          4
A - Apportation           Tloc           100%       N/A       1%          1
B - Blink                 Tloc           N/A        N/A       1%          2

Your spell library contained the following spells:

 Spells                   Type           Power      Damage    Failure   Level
 Animate Skeleton         Necr           100%       N/A       0%          1
 Beastly Appendage        Tmut           100%       N/A       0%          1
 Foxfire                  Conj/Fire      100%       2x1d9     0%          1
 Freeze                   Ice            100%       1d11      0%          1
 Magic Dart               Conj           100%       1d8       0%          1
 Pain                     Necr           100%       1d9       0%          1
 Shock                    Conj/Air       100%       1d9       0%          1
 Sting                    Tmut/Pois      100%       1d8       0%          1
 Corpse Rot               Necr/Air       N/A        N/A       0%          2
 Ensorcelled Hibernation  Hex/Ice        100%       N/A       0%          2
 Passwall                 Tmut/Erth      100%       N/A       0%          2
 Poisonous Vapours        Pois/Air       100%       N/A       0%          2
 Searing Ray              Conj           100%       3d7       0%          2
 Static Discharge         Conj/Air       100%       N/A       0%          2
 Sublimation of Blood     Necr           84%        N/A       0%          2
 Wereblood                Tmut           100%       N/A       0%          2
 Conjure Flame            Conj/Fire      100%       6-21      0%          3
 Dazzling Flash           Conj/Hex       100%       N/A       0%          3
 Frozen Ramparts          Ice            100%       1d12      0%          3
 Ignite Poison            Fire/Tmut/Pois 100%       N/A       0%          3
 Inner Flame              Hex/Fire       100%       N/A       0%          3
 Mephitic Cloud           Conj/Pois/Air  100%       N/A       0%          3
 Stone Arrow              Conj/Erth      100%       3d13      0%          3
 Swiftness                Air            100%       N/A       0%          3
 Vampiric Draining        Necr           84%        2d18      0%          3
 Corona                   Hex            100%       N/A       1%          1
 Sandblast                Erth           100%       2d20      1%          1
 Summon Small Mammal      Summ           100%       N/A       1%          1
 Call Imp                 Summ           100%       N/A       1%          2
 Slow                     Hex            100%       N/A       1%          2
 Call Canine Familiar     Summ           100%       N/A       1%          3
 Confusing Touch          Hex            100%       N/A       1%          3
 Gell's Gravitas          Tloc           64%        N/A       1%          3
 Lesser Beckoning         Tloc           64%        N/A       1%          3
 Portal Projectile        Hex/Tloc       100%       N/A       1%          3
 Spider Form              Tmut/Pois      69%        N/A       1%          3
 Summon Guardian Golem    Hex/Summ       100%       N/A       1%          3
 Teleport Other           Tloc           100%       N/A       1%          3
 Tukima's Dance           Hex            100%       N/A       1%          3
 Airstrike                Air            91%        N/A       0%          4
 Animate Dead             Necr           84%        N/A       0%          4
 Fulminant Prism          Conj/Hex       100%       3d41      0%          4
 Hailstorm                Conj/Ice       100%       3d20      0%          4
 Ice Form                 Ice/Tmut       100%       N/A       0%          4
 Iskenderun's Mystic Bla  Conj/Tloc      100%       2d19      0%          4
 Sticky Flame             Conj/Fire      100%       2d11      0%          4
 Agony                    Necr           100%       N/A       0%          5
 Bolt of Magma            Conj/Fire/Erth 96%        4d36      0%          5
 Excruciating Wounds      Necr           84%        N/A       0%          5
 Freezing Cloud           Conj/Ice/Air   100%       6-21      0%          5
 Iskenderun's Battlesphe  Conj           100%       2d15      0%          5
 Lightning Bolt           Conj/Air       100%       1d131     0%          5
 Conjure Ball Lightning   Conj/Air       100%       3x3d38    0%          6
 Starburst                Conj/Fire      100%       6d25      0%          6
 Animate Armour           Summ/Erth      100%       N/A       1%          4
 Cause Fear               Hex            64%        N/A       1%          4
 Leda's Liquefaction      Hex/Erth       58%        N/A       1%          4
 Olgreb's Toxic Radiance  Pois           100%       N/A       1%          4
 Passage of Golubria      Tloc           N/A        N/A       1%          4
 Petrify                  Tmut/Erth      100%       N/A       1%          4
 Summon Ice Beast         Ice/Summ       100%       N/A       1%          4
 Summon Lightning Spire   Summ/Air       100%       N/A       1%          4
 Alistair's Intoxication  Tmut/Pois      92%        N/A       1%          5
 Blade Hands              Tmut           80%        N/A       1%          5
 Borgnjor's Vile Clutch   Necr/Erth      71%        N/A       1%          5
 Lee's Rapid Deconstruct  Erth           51%        3d25*     1%          5
 Manifold Assault         Tloc           100%       N/A       1%          5
 Metabolic Englaciation   Hex/Ice        76%        N/A       1%          5
 Silence                  Hex/Air        80%        N/A       1%          5
 Summon Forest            Summ/Tloc      58%        N/A       1%          5
 Summon Mana Viper        Hex/Summ       100%       N/A       1%          5
 Yara's Violent Unravell  Hex/Tmut       73%        3d27      1%          5
 Death Channel            Necr           84%        N/A       1%          6
 Dispersal                Tloc           64%        N/A       1%          6
 Eringya's Noxious Bog    Tmut/Pois      69%        N/A       1%          6
 Invisibility             Hex            64%        N/A       1%          6
 Iron Shot                Conj/Erth      98%        9d18      1%          6
 Simulacrum               Ice/Necr       85%        N/A       1%          6
 Statue Form              Tmut/Erth      92%        N/A       1%          6
 Dragon Form              Tmut           80%        N/A       1%          7
 Spellforged Servitor     Conj/Summ      98%        N/A       1%          7
 Storm Form               Tmut/Air       86%        N/A       1%          7
 Borgnjor's Revivificati  Necr           84%        N/A       1%          8
 Infestation              Necr           84%        N/A       1%          8
 Maxwell's Capacitive Co  Air            91%        ∞         1%          8
 Haunt                    Necr/Summ      71%        N/A       2%          7
 Ignition                 Fire           80%        3d21      3%          8
 Shadow Creatures         Summ           N/A        N/A       8%          6
 Malign Gateway           Summ/Tloc      58%        N/A       19%         7
 Death's Door             Necr           84%        N/A       21%         9
 Monstrous Menagerie      Summ           51%        N/A       38%         7
 Summon Hydra             Summ           51%        N/A       38%         7
 Discord                  Hex            64%        N/A       52%         8
 Disjunction              Tloc           64%        N/A       52%         8
 Summon Horrible Things   Summ           51%        N/A       96%         8
 Dragon's Call            Summ           51%        N/A       100%        9
 Shatter                  Erth           51%        3d39*     100%        9


Dungeon Overview and Level Annotations

Branches:
Dungeon (15/15)            Temple (1/1) D:6            Lair (6/6) D:9
  Swamp (4/4) Lair:2       Spider (4/4) Lair:3        Slime (5/5) Lair:6
    Orc (2/2) D:9             Elf (3/3) Orc:2        Vaults (5/5) D:14
  Crypt (3/3) Vaults:2       Tomb (3/3) Crypt:3      Depths (5/5) D:15
   Hell (visited)             Dis (7/7) Hell            Geh (7/7) Hell
    Coc (7/7) Hell            Tar (7/7) Hell            Zot (5/5) Depths:5
  Sewer (visited)           IceCv (visited)          WizLab (visited)
Gauntlet (visited)

Altars:
Cheibriados
Gozag
Hepliaklqana
Kikubaaqudgha
Makhleb
Sif Muna
Trog
Vehumet
Yredelemnul
The Shining One
Beogh

Shops:
D:12 =   D:13 =   Orc:1 (   Orc:2 (*=*   Elf:2 =:=   Vaults:1 [   Depths:1 *

Portals:
Hell: Depths:1 Depths:2 Depths:3 Depths:4 Depths:5
Abyss: Depths:4
Pandemonium: Orc:2 Depths:1 Depths:3 Depths:4 Depths:5
Ziggurat: Depths:3
Trove: Vaults:1 (give 7 potions of haste)

Annotations:
D:15 exclusion: upstairs


Innate Abilities, Weirdness & Mutations

You have claws for feet.
You regenerate a lot of health from kills.
Your magical and physical power is greatly enhanced at high health.
When hurt, damage is shared between your health and your magic reserves.
You regenerate magic rapidly.
When low on magic, you restore magic in place of health.
Your movements are significantly less encumbered by armour. (ER -6)
Your mind is acute. (Int +2)
You are robust. (+10% HP)
You expend magic power (3 MP) to strengthen your wands.


Message History

Unknown command.
(D) Dungeon (T) Temple (L) Lair (S) Swamp (N) Spider Nest (M) Slime Pits (O) Orcish Mines (E) Elven Halls (V) Vaults (C) Crypt (W) Tomb (U) Depths (H) Hell (I) Dis (G) Gehenna (X) Cocytus (Y) Tartarus (Z) Zot
Where to? (Enter - D:1, ? - help) HP restored.
There is a stone staircase leading up here.
Magic restored.
You climb upwards.
There is a stone staircase leading down here.
There is a stone staircase leading up here.
You climb upwards.
There is a stone staircase leading down here.
There is a stone staircase leading up here.
You climb upwards.
There is a stone staircase leading down here.
A great orb of eyes comes into view.
The great orb of eyes gazes at you. You resist with almost no effort.
Aiming: Dig
Press: ? - help, Shift-Dir - straight line, f - you Please select a direction to dig.
This square is covered in magical glow.
You feel a surge of power!
The rock shatters into small pieces.
A rust devil comes into view.
There is a staircase leading out of the dungeon here.
Casting: Chain Lightning (mildly dangerous; 1% risk of failure)
Confirm with . or Enter, or press ? or * to list all spells.
You feel a surge of power! Lightning arcs from your hands!
The bolt of lightning hits the rust devil!!!!
The rust devil resists.
You kill the rust devil!
Sif Muna accepts your kill.
The bolt of lightning hits the great orb of eyes!!!!
You kill the great orb of eyes!
Sif Muna accepts your kill.
Unknown command.
You have escaped!

#.# #.................##.##.....
#.####.........##.#######.##....#
#.##........#'###.# #.##....#
#.####.####.#^###.# #.##....# #.#
#.#....#..)..# #.#######
#.#########.######## #.# #
#.#.....#.#.#......### #.# #
#.#.###.#.#.#.####.#.####.## ##
#.#.#...#.#.#...@..........# #.
#.#.#####.#.#.#.##.#.#####.#####.
#.#.......#.#.#....#.# #.#≈.≈#.
#.#######.#.#.######.# #.≈≈≈♣#.
#....................# #....≈.≈
#.#.##############.#.# #.≈♣....
#.#...#).........#.#.# #.≈.≈≈.≈
#.#.#.#.########.#.#.# ##≈♣.G#.
#.#.#.#........#.#.#.# #≈...≈.


There were no monsters in sight!

Vanquished Creatures
  Cerebov (Pan)
  Antaeus (Coc:7)
  Asmodeus (Geh:7)
  the Royal Jelly (Slime:5)
  Ereshkigal (Tar:7)
  Gloorx Vloq (Pan)
  2 seraphim
  Lom Lobon (Pan)
  Mnoleg (Pan)
  3 dread liches
  5 ancient liches
  Dispater (Dis:7)
  6 orbs of fire
  Mara (Swamp:3)
  Mennas (Depths:4)
  Tiamat (Zot:5)
  The ghost of Paarhy the Hoplite, a legendary MfBe of Trog (Vaults:1)
  Sojobo (Crypt:3)
  17 royal mummies
  Boris (Tomb:1)
  11 Killer Klowns
  the Lernaean hydra (Swamp:4)
  7 shard shrikes
  Frederick (Depths:5)
  A caustic shrike (Depths:3)
  7 curse toes
  Saint Roka (Elf:3)
  Geryon (Hell)
  8 golden dragons
  Nikola (Spider:2)
  2 profane servitors (Crypt:3)
  2 pearl dragons (Pan)
  Arachne (Spider:2)
  7 pandemonium lords
  9 bone dragons
  6 iron giants
  19 Tzitzimimeh
  7 doom hounds
  7 electric golems
  11 Brimstone Fiends
  2 hellephants (Pan)
  Mlioglotl (Swamp:3)
  13 Hell Sentinels
  10 tentacled monstrosities
  11 Ice Fiends
  A deep elf master archer (Elf:3)
  30 Orb Guardians
  14 liches
  A deep elf blademaster (Elf:2)
  3 titans
  5 death cobs
  4 quicksilver dragons
  10 ancient champions
  9 sphinxes
  25 acid blobs
  10 Executioners (Pan)
  Kirke (Swamp:3)
  5 tentacled starspawn
  15 shadow dragons
  Frances (Spider:2)
  15 storm dragons
  A thorn hunter (Abyss:5)
  10 rockslimes
  13 tengu reavers
  A draconian monk (Zot:2)
  5 revenants
  A nagaraja (Abyss:5)
  Donald (Elf:3)
  10 azure jellies
  15 daevas
  7 fire giants
  5 draconian scorchers
  3 draconian knights
  4 ghost moths
  11 deep elf sorcerers
  8 frost giants
  23 balrugs
  14 vault wardens
  3 emperor scorpions (Spider:4)
  3 deep elf elementalists
  15 iron dragons
  Aizul (Depths:1)
  2 spectral caustic shrikes (Depths:2)
  17 ghouls
  4 draconian annihilators
  2 spectral juggernauts (Depths:2)
  2 draconian shifters
  7 curse skulls
  13 cacodemons
  An orc warlord (Vaults:3)
  18 angels
  2 spriggan defenders (Depths:4)
  41 very ugly things
  15 ironbound preservers
  3 draconian stormcallers
  40 reapers
  A quicksilver ooze (shapeshifter) (Depths:3)
  22 stone giants
  17 war gargoyles
  Nessos (Lair:4)
  16 quicksilver oozes
  21 apis (Pan)
  12 green draconians
  13 vampire knights
  6 lorocyprocas
  13 starcursed masses
  10 ophanim (Pan)
  3 corrupters
  8 bennus
  4 spectral titans (Depths:2)
  3 elemental wellsprings (Coc:7)
  7 deep elf annihilators (Elf:3)
  2 dire elephants
  7 blood saints
  7 deep elf demonologists
  3 black suns
  16 white draconians
  12 black draconians
  A bunyip (Swamp:2)
  A minotaur (Gauntlet)
  13 red draconians
  6 spark wasps
  9 statues (WizLab)
  25 purple draconians
  3 entropy weavers
  Snorg (Orc:2)
  7 yellow draconians
  16 eidola
  14 deep elf death magi
  30 blizzard demons
  8 ettins
  18 mummy priests
  5 jiangshi
  5 fire dragons
  17 yaktaur captains
  18 great orbs of eyes
  20 hydras
  2 spectral krakens (Tar:7)
  6 green deaths (Pan)
  49 vault guards
  10 ironbound thunderhulks
  9 deep elf high priests
  2 shambling mangroves (Swamp:4)
  5 monstrous demonspawn (Pan)
  A kraken zombie (Coc:2)
  3 quicksilver dragon skeletons
  27 ice dragons
  8 quicksilver dragon zombies
  4 ironbound frosthearts
  6 hell beasts
  4 spectral sphinxes
  6 death knights
  Erolcha (D:10)
  2 spriggan air magi (Depths:4)
  3 spectral tengu
  2 ghost crabs
  11 boulder beetles
  10 centaur warriors
  5 rakshasas
  A merfolk avatar (Lair:6)
  A spectral shadow dragon (Depths:2)
  A caustic shrike simulacrum (Depths:2)
  A catoblepas (Lair:6)
  40 dancing weapons
  2 spectral stone giants (Depths:2)
  9 two-headed ogres
  Erica (D:8)
  3 death yaks (Lair:6)
  3 alligators
  2 spectral frost giants
  3 deep troll earth magi
  6 tengu warriors
  63 death scarabs
  7 deep troll shamans
  13 hell hogs
  5 ironbound beastmasters
  Urug (Lair:2)
  10 vampire magi
  9 orc high priests
  2 spectral fire giants
  11 deep elf knights
  A shock serpent (shapeshifter) (Depths:4)
  A shock serpent (Elf:1)
  13 thrashing horrors
  8 storm dragon zombies
  6 iron golems (Dis:7)
  2 spectral storm dragons
  8 spriggan berserkers
  4 titan zombies
  Sonja (Lair:2)
  40 sun demons
  107 skeletal warriors
  28 soul eaters
  5 hell knights (Geh:1)
  3 titan skeletons
  20 iron trolls
  2 spectral spriggans
  2 storm dragon skeletons
  15 sixfirhies
  7 shadow wraiths
  A spectral spark wasp (Depths:2)
  6 wretched stars
  5 death drakes
  2 golden dragon zombies (Tar:1)
  3 goliath frogs
  32 deep trolls
  2 ghost moth zombies
  A quicksilver dragon simulacrum (Depths:2)
  6 gelid demonspawn
  11 glowing orange brains
  A sea snake (Lair:6)
  46 phantasmal warriors
  A sea snake (shapeshifter) (Vaults:5)
  4 torturous demonspawn
  A shadow dragon zombie (Crypt:1)
  10 deep elf archers
  23 shadow demons
  11 cherubim
  2 orange crystal statues (Depths:2)
  4 golden dragon skeletons
  10 anaconda zombies
  22 ironbound convokers
  11 bog bodies
  9 swamp dragons
  6 infernal demonspawn
  A kraken simulacrum (Hell)
  14 wizards
  15 flayed ghosts
  2 spriggan druids
  2 spectral iron dragons
  5 harpies (Vaults:1)
  2 tengu zombies
  6 anaconda skeletons
  6 lindwurms
  A harpy (shapeshifter) (Depths:5)
  4 wolf spider zombies
  8 orc knights
  9 necromancers
  34 deep elf pyromancers
  13 frost giant zombies
  36 large abominations
  9 shining eyes
  An orb spider (shapeshifter) (D:14)
  A mana viper (Abyss:5)
  25 deep elf zephyrmancers
  4 orc sorcerers
  43 ugly things
  11 orb spiders
  4 iron dragon zombies
  A shining eye (shapeshifter) (Vaults:5)
  7 fire giant zombies
  4 oklob plants (D:13)
  32 wolf spiders
  5 cyclopes
  4 will-o-the-wisps
  2 stone giant zombies
  4 manticores
  A salamander (Depths:4)
  3 centaur zombies
  4 shadow dragon skeletons
  14 elephants
  37 moths of wrath
  5 worldbinders
  A cyclops (shapeshifter) (Vaults:5)
  5 black mambas
  2 iron dragon skeletons
  Maurice (D:8)
  38 vault sentinels
  A moth of wrath (shapeshifter) (Vaults:5)
  A shock serpent zombie (Crypt:3)
  5 human skeletons
  5 ice statues
  11 molten gargoyles
  3 stone giant skeletons
  5 frost giant skeletons
  3 apocalypse crabs (Abyss:5)
  A titan simulacrum (Depths:2)
  37 rust devils
  4 spectral elves (Depths:2)
  3 fire giant skeletons
  A guardian serpent (Abyss:5)
  5 dire elephant zombies
  7 gargoyles
  29 smoke demons
  2 shock serpent skeletons
  4 eyes of devastation
  4 spectral swamp worms (Tar:7)
  Maggie (D:8)
  14 cane toads
  2 dire elephant skeletons
  3 human zombies
  2 minotaur zombies (Gauntlet)
  An unseen horror (D:12)
  Psyche (D:8)
  2 emperor scorpion zombies
  14 demonic crawlers
  8 efreet
  43 hellions
  3 sea snake zombies (Hell)
  11 orange demons
  2 catoblepas zombies
  A kobold demonologist (Depths:4)
  3 entropy weaver simulacra (IceCv)
  A yaktaur zombie (Vaults:2)
  A green draconian zombie (Crypt:2)
  42 freezing wraiths
  21 yaktaurs
  A spectral glowing shapeshifter (Depths:2)
  11 ancient zymes
  38 ice devils
  18 tengu conjurers
  7 rime drakes
  2 golden dragon simulacra (Depths:2)
  10 komodo dragons
  13 hellwings
  53 guardian mummies
  A queen bee (D:13)
  A sea snake skeleton (Hell)
  29 tormentors
  7 trolls
  21 red devils
  14 hydra zombies
  2 catoblepas skeletons
  A yellow draconian skeleton (Crypt:1)
  A queen bee (shapeshifter) (Abyss:1)
  2 bloated husks
  30 jumping spiders
  2 harpy zombies
  4 meliai
  A meliai (shapeshifter) (Vaults:1)
  3 silent spectres
  A death drake zombie (Crypt:2)
  25 hornets
  5 tyrant leeches
  A wind drake (Lair:6)
  2 polar bears
  3 harpy skeletons
  18 blink frogs
  5 alligator zombies
  9 raiju
  5 fire dragon zombies
  181 slime creatures
  5 hydra skeletons
  A wolf spider simulacrum (D:14)
  3 human simulacra
  10 ettin zombies
  A sphinx simulacrum (Depths:2)
  2 snapping turtles (Lair:6)
  2 ice dragon zombies
  2 centaur simulacra (D:14)
  A redback (shapeshifter) (Vaults:5)
  3 ettin skeletons
  An ice dragon skeleton (Coc:2)
  Sigmund (D:2)
  2 air elementals
  97 flying skulls
  32 shadows
  7 spriggans
  10 ynoxinuls
  A fire dragon skeleton (Tar:1)
  11 water elementals
  2 vampires
  69 redbacks
  A dire elephant simulacrum (Crypt:1)
  3 alligator skeletons
  33 yaks
  A satyr skeleton (Crypt:1)
  9 wyverns
  23 wraiths
  36 tarantellas
  7 ushabtiu
  13 fire elementals
  6 basilisks
  2 hogs
  11 fire bats
  A golden eye (Slime:5)
  15 neqoxecs
  A sea snake simulacrum (Hell)
  2 steam dragons (Lair:6)
  An elf simulacrum (Depths:2)
  A death yak simulacrum (Orc:2)
  11 vampire mosquitoes
  10 chaos spawn
  A black mamba skeleton (Tar:6)
  2 wargs
  Edmund (D:4)
  A glowing shapeshifter zombie (Crypt:1)
  A swamp worm (shapeshifter) (Vaults:5)
  10 small abominations
  21 swamp worms
  A spatial vortex (Abyss:5)
  Duvessa (D:5)
  2 merfolk zombies
  3 demonic crawler simulacra (IceCv)
  An acid dragon (D:11)
  3 floating eyes
  A water moccasin (shapeshifter) (D:14)
  12 cane toad zombies
  47 hell hounds
  3 hydra simulacra
  2 sky beasts
  10 swamp drakes (Swamp:4)
  21 water moccasins
  7 cane toad skeletons
  2 black bears
  A hornet zombie (D:8)
  An alligator simulacrum (Coc:4)
  A meliai simulacrum (D:14)
  7 ice beasts
  35 orc warriors
  2 manticore zombies
  9 snapping turtle zombies
  35 necrophages
  An ugly thing simulacrum (IceCv)
  2 swamp dragon zombies
  A tengu (shapeshifter) (D:13)
  32 wolves
  An ice dragon simulacrum (Crypt:1)
  18 ogres
  4 boggarts (Abyss:2)
  11 centaurs
  2 manticore skeletons
  A torpor snail zombie (Crypt:2)
  2 snapping turtle skeletons
  A swamp dragon skeleton (Tar:7)
  5 kobold brigands
  10 phantoms
  Blork the orc (D:5)
  A palentonga zombie (Crypt:1)
  An elf skeleton (Crypt:1)
  2 elf zombies
  8 bullfrogs
  A wyvern zombie (D:8)
  6 gnoll sergeants
  3 two-headed ogre simulacra (Orc:2)
  An earth elemental (Elf:3)
  2 scorpions
  Dowan (D:5)
  9 wyvern skeletons
  4 glowing shapeshifter simulacra
  A troll zombie (Tar:3)
  An elephant simulacrum (Orc:2)
  48 wights
  46 killer bees
  A spriggan skeleton (Geh:6)
  7 howler monkeys
  3 crimson imps
  A quasit (Abyss:1)
  3 hounds (D:5)
  4 bullfrog skeletons
  A jelly (D:6)
  20 orc priests
  7 iguanas
  27 iron imps
  17 orc wizards
  A troll simulacrum (Orc:2)
  A polar bear simulacrum (Orc:2)
  A wolf simulacrum (Orc:2)
  An ogre zombie (Crypt:1)
  A naga skeleton (Geh:6)
  A hound zombie (D:5)
  31 mummies
  A howler monkey zombie (D:9)
  25 gnolls
  12 adders
  A river rat (D:4)
  14 shadow imps
  10 white imps
  An ufetubus (D:6)
  An adder skeleton (D:5)
  A worm (D:5)
  A dart slug (D:3)
  66 orcs
  16 ball pythons
  10 endoplasms
  6 giant cockroaches
  3 goblins
  5 hobgoblins
  10 jackals
  20 kobolds
  3 quokkas
  9 bats
  7 frilled lizards
  A frilled lizard zombie (Crypt:1)
  A giant cockroach zombie (Crypt:2)
  A jackal skeleton (Crypt:1)
  2 kobold skeletons
  A kobold zombie (Hell)
  2 orc skeletons
  5 rats
  A lurking horror (Abyss:5)
  8 starspawn tentacles
  11 tentacles
4523 creatures vanquished.

Vanquished Creatures (others)
  A fire giant (Depths:4)
  A draconian knight (Zot:5)
  A blizzard demon (Pan)
  A deep elf knight (Elf:2)
  2 wizards (Pan)
  A moth of wrath (Zot:4)
  2 hellwings (Pan)
  A jumping spider (Spider:1)
  A bloated husk (Swamp:1)
  A killer bee (D:13)
  A wight (Geh:1)
  A block of ice (Pan)
  3 bushes (D:9)
  4 fire vortices (Slime:5)
  6 foxfires
  21 fulminant prisms
  33 fungi
  2 lurking horrors (Abyss:5)
  80 plants
  6 starspawn tentacles
  9 tentacles
  33 withered plants
211 creatures vanquished.

Grand Total: 4734 creatures vanquished

Notes
Turn   | Place    | Note
-------+----------+-------------------------------------------
     0 | D:1      | kuniqs the Demonspawn Conjurer began the quest for the Orb.
     0 | D:1      | Reached XP level 1. HP: 13/13 MP: 3/3
   154 | D:1      | Found a faded altar of an unknown god.
   202 | D:1      | Found Guseroak's Magic Scroll Shoppe.
   280 | D:1      | Became a worshipper of Sif Muna the Loreminder
   280 | D:1      | Reached * piety under Sif Muna
   515 | D:1      | Gained mutation: You regenerate magic rapidly. [demonic
                  | ancestry]
   515 | D:1      | Reached XP level 2. HP: 20/20 MP: 0/5
   518 | D:1      | Learned a level 2 spell: Searing Ray
  1224 | D:2      | Noticed Sigmund
  1262 | D:2      | Reached skill level 1 in Invocations
  1313 | D:2      | Reached skill level 1 in Fighting
  1313 | D:2      | Reached XP level 3. HP: 26/26 MP: 1/6
  1539 | D:3      | Reached ** piety under Sif Muna
  1896 | D:3      | Gained mutation: You regenerate a little health from kills.
                  | [demonic ancestry]
  1896 | D:3      | Reached XP level 4. HP: 32/32 MP: 3/7
  2080 | D:4      | Found a glowing drain.
  2138 | Sewer    | Entered a sewer
  2228 | Sewer    | Reached XP level 5. HP: 38/38 MP: 4/9
  2590 | Sewer    | Reached *** piety under Sif Muna
  3002 | D:4      | Learned a level 3 spell: Dazzling Flash
  3185 | D:4      | Found a transporter.
  3269 | D:4      | Noticed Edmund
  3297 | D:4      | Killed Edmund
  3298 | D:4      | Gained mutation: Your movements are slightly less
                  | encumbered by armour. (ER -2) [demonic ancestry]
  3298 | D:4      | Reached XP level 6. HP: 15/46 MP: 2/10
  3629 | D:4      | Reached skill level 5 in Conjurations
  3651 | D:4      | Found a transporter.
  3653 | D:4      | Noticed a fire bat
  3866 | D:2      | Killed Sigmund
  3867 | D:2      | Reached XP level 7. HP: 52/52 MP: 0/12
  4317 | D:5      | Entered Level 5 of the Dungeon
  4375 | D:5      | Learned a level 4 spell: Iskenderun's Mystic Blast
  4416 | D:5      | Noticed Duvessa
  4416 | D:5      | Noticed Dowan
  4420 | D:5      | Noticed Blork the orc
  4503 | D:5      | Reached skill level 5 in Invocations
  4623 | D:5      | Identified the +0 leather armour of the Moon {Will+}
  4667 | D:5      | Reached XP level 8. HP: 60/60 MP: 7/14
  4706 | D:5      | Reached **** piety under Sif Muna
  4832 | D:6      | Found a staircase to the Ecumenical Temple.
  4844 | Temple   | Entered the Ecumenical Temple
  4932 | D:6      | Reached skill level 5 in Stealth
  5420 | D:5      | Killed Blork the orc
  5536 | D:5      | Killed Duvessa
  5537 | D:5      | Reached skill level 5 in Spellcasting
  5544 | D:5      | Killed Dowan
  5761 | D:5      | Reached skill level 5 in Fighting
  5761 | D:5      | Reached XP level 9. HP: 68/68 MP: 12/16
  6026 | D:7      | Noticed a two-headed ogre
  6201 | D:7      | Killed a two-headed ogre
  6547 | D:7      | Noticed a komodo dragon
  6566 | D:7      | Killed a komodo dragon
  6567 | D:7      | Reached skill level 1 in Shields
  6604 | D:7      | Gained mutation: When hurt, damage is shared between your
                  | health and your magic reserves. [demonic ancestry]
  6604 | D:7      | Reached XP level 10. HP: 76/76 MP: 13/19
  6926 | D:8      | Noticed Maurice
  6928 | D:8      | Noticed Erica
  6934 | D:8      | Killed Maurice
  6942 | D:8      | Killed Erica
  7130 | D:8      | Identified the -3 cloak of Lovyso {+Blink rN+ Str+4}
  7387 | D:8      | Noticed Maggie
  7398 | D:8      | Killed Maggie
  7525 | D:8      | Noticed Psyche
  7530 | D:8      | Killed Psyche
  7530 | D:8      | Reached ***** piety under Sif Muna
  8013 | D:9      | Found an ancient bone altar of Kikubaaqudgha.
  8132 | D:9      | Received a gift from Sif Muna
  8149 | D:9      | Got Duunahus's Collected Works on Captivating Lightness
                  | {god gift}
  8258 | D:9      | Reached XP level 11. HP: 71/84 MP: 11/21
  8279 | D:9      | Found a staircase to the Lair.
  8651 | D:9      | Noticed a two-headed ogre
  8726 | D:9      | Killed a two-headed ogre
  8805 | D:9      | Found a staircase to the Orcish Mines.
  9482 | D:10     | Entered Level 10 of the Dungeon
  9547 | D:10     | Noticed a two-headed ogre
  9552 | D:10     | Killed a two-headed ogre
  9842 | D:10     | Noticed Erolcha
  9923 | D:10     | Killed Erolcha
 10245 | D:11     | Noticed a two-headed ogre
 10251 | D:11     | Killed a two-headed ogre
 10332 | D:11     | Reached XP level 12. HP: 95/95 MP: 14/24
 10560 | D:11     | Reached skill level 10 in Conjurations
 10586 | D:11     | Learned a level 4 spell: Sticky Flame
 10642 | D:11     | Reached skill level 1 in Armour
 10910 | D:11     | Noticed a two-headed ogre
 10921 | D:11     | Killed a two-headed ogre
 11167 | D:12     | Noticed a two-headed ogre
 11175 | D:12     | Killed a two-headed ogre
 11563 | D:12     | Found Qikaot's Jewellery Emporium.
 11570 | D:12     | Bought the ring "Ese Ashroisua" {rPois EV+4 Int+8 Dex-5
                  | Slay-5} for 468 gold pieces
 11922 | D:13     | Found Gietikal's Jewellery Shop.
 12001 | D:13     | Received a gift from Sif Muna
 12002 | D:13     | Got Sif Muna's Grimoire of Dusty Evil {god gift}
 12052 | D:13     | Noticed a death knight
 12078 | D:13     | Killed a death knight
 12233 | D:13     | Noticed a centaur warrior
 12241 | D:13     | Killed a centaur warrior
 12298 | D:13     | Noticed a boulder beetle
 12313 | D:13     | Noticed a two-headed ogre
 12328 | D:13     | Noticed a centaur warrior
 12332 | D:13     | Killed a two-headed ogre
 12334 | D:13     | Killed a centaur warrior
 12337 | D:13     | Noticed a centaur warrior
 12343 | D:13     | Noticed a boulder beetle
 12344 | D:13     | Noticed a two-headed ogre
 12349 | D:13     | Noticed a boulder beetle
 12408 | D:12     | Killed a centaur warrior
 12476 | D:13     | Killed a boulder beetle
 12489 | D:13     | Gained mutation: You have sharp toenails. [demonic
                  | ancestry]
 12489 | D:13     | Reached XP level 13. HP: 101/101 MP: 19/26
 12507 | D:13     | Reached skill level 10 in Invocations
 12508 | D:13     | Reached skill level 5 in Dodging
 12553 | D:13     | Noticed a tengu reaver
 12608 | D:13     | Killed a tengu reaver
 12609 | D:13     | Reached skill level 10 in Spellcasting
 12704 | D:13     | Noticed a fire giant
 12721 | D:12     | Reached skill level 5 in Armour
 13434 | D:14     | Found a gate leading to a gauntlet.
 13455 | Gauntlet | Entered a Gauntlet
 13455 | Gauntlet | Found a transporter.
 13455 | Gauntlet | Found a transporter.
 13460 | Gauntlet | Found a transporter.
 13469 | Gauntlet | Found a transporter.
 13470 | Gauntlet | Found a transporter.
 13476 | Gauntlet | Found a transporter.
 13501 | Gauntlet | Found a transporter.
 13518 | Gauntlet | Found a transporter.
 13535 | Gauntlet | Found a transporter.
 13539 | Gauntlet | Found a transporter.
 13614 | Gauntlet | Found a transporter.
 13661 | Gauntlet | Found a transporter.
 13903 | Gauntlet | Noticed a minotaur
 13923 | Gauntlet | Killed a minotaur
 14014 | Gauntlet | Identified the +6 great sword "Vifrimpa" {distort, rF+}
 14646 | D:14     | Found a gate to the Vaults.
 14808 | D:14     | Received a gift from Sif Muna
 14809 | D:14     | Got Sif Muna's Grimoire of Unholy Poison {god gift}
 14885 | D:14     | Gained mutation: You regenerate health from kills. [demonic
                  | ancestry]
 14885 | D:14     | Reached XP level 14. HP: 84/108 MP: 15/28
 15105 | D:15     | Entered Level 15 of the Dungeon
 15233 | D:15     | Noticed a stone giant
 15615 | D:15     | Killed a stone giant
 16812 | D:15     | Found a staircase to the Depths.
 17583 | D:13     | Killed a fire giant
 18640 | D:4      | Identified a scroll of acquirement
 18818 | Orc:1    | Entered Level 1 of the Orcish Mines
 18833 | D:9      | Learned a level 4 spell: Fulminant Prism
 18879 | Orc:1    | Found Ufenkoc's Antique Weapon Shop.
 19200 | Orc:1    | Received a gift from Sif Muna
 19201 | Orc:1    | Got Sif Muna's Guide on Destructive Heat {god gift}
 19229 | Orc:1    | Learned a level 3 spell: Stone Arrow
 19240 | Orc:1    | Learned a level 5 spell: Iskenderun's Battlesphere
 19463 | Orc:1    | Reached skill level 1 in Hexes
 19659 | Orc:2    | Entered Level 2 of the Orcish Mines
 19659 | Orc:2    | Noticed Snorg
 19673 | Orc:2    | Killed Snorg
 19674 | Orc:2    | Reached skill level 1 in Translocations
 19674 | Orc:2    | Reached skill level 1 in Evocations
 19678 | Orc:2    | Reached skill level 1 in Fire Magic
 19782 | Orc:2    | Found a frozen archway.
 19809 | IceCv    | Entered an ice cave
 20238 | IceCv    | Gained mutation: You have razor-sharp toenails. [demonic
                  | ancestry]
 20238 | IceCv    | Reached XP level 15. HP: 113/113 MP: 23/30
 20457 | IceCv    | Noticed an azure jelly
 20462 | IceCv    | Killed an azure jelly
 20484 | IceCv    | Found a viscous altar of Jiyva.
 20498 | IceCv    | Got the +11 hand axe of Wewo {freeze, *Noise rElec rF++
                  | rN+}
 20505 | IceCv    | Got the ring "Nuimum" {Ice rN+ Will+ Str+2 Int+2, @q6}
 20508 | IceCv    | Got the ring "Derurgh" {rPois rC+, @q6}
 20854 | Orc:2    | Found Guhupn's General Store.
 20866 | Orc:2    | Found Eridghibb's General Store.
 20890 | Orc:2    | Received a gift from Sif Muna
 21023 | Orc:2    | Bought a scroll of enchant armour for 120 gold pieces
 21023 | Orc:2    | Bought a scroll of teleportation for 48 gold pieces
 21023 | Orc:2    | Bought a scroll of identify for 32 gold pieces
 21209 | Orc:2    | Found a staircase to the Elven Halls.
 21775 | Orc:2    | Found Murghiwilaiq's Antique Weapon Boutique.
 21775 | Orc:2    | Found Iculyjor's Jewellery Shop.
 21776 | Orc:2    | Found a one-way gate leading to the halls of Pandemonium.
 21780 | Orc:2    | Bought the amulet "Qolait" {RegenMP Int+2 Stlth+} for 484
                  | gold pieces
 21931 | Orc:1    | Bought a pitted trident for 297 gold pieces
 21931 | Orc:1    | Identified the +6 trident "Worm's Wrath" {drain, Will++}
                  | (You bought it in a shop on level 1 of the Orcish Mines)
 21984 | Lair:1   | Entered Level 1 of the Lair of Beasts
 22708 | Lair:2   | Received a gift from Sif Muna
 22709 | Lair:2   | Got Sif Muna's Handbook of Flamy Moulding {god gift}
 22789 | Lair:2   | Noticed Sonja
 22796 | Lair:2   | Killed Sonja
 22815 | Lair:2   | Found a staircase to the Swamp.
 22865 | Lair:2   | Acquired a staff of conjuration
 23251 | Lair:2   | Noticed Urug
 23263 | Lair:2   | Killed Urug
 23556 | Lair:3   | Reached skill level 1 in Staves
 23948 | Lair:3   | Found a hole to the Spider Nest.
 24507 | Lair:4   | Gained mutation: Your movements are less encumbered by
                  | armour. (ER -4) [demonic ancestry]
 24507 | Lair:4   | Reached XP level 16. HP: 103/120 MP: 12/31
 24983 | Lair:4   | Noticed Nessos
 24993 | Lair:4   | Killed Nessos
 25657 | Lair:5   | Found a hazy altar of Hepliaklqana.
 26212 | Lair:6   | Entered Level 6 of the Lair of Beasts
 26243 | Lair:6   | Received a gift from Sif Muna
 26244 | Lair:6   | Got Sif Muna's Foundations of Spellcraft {god gift}
 26252 | Lair:6   | Reached skill level 5 in Evocations
 26280 | Lair:6   | Learned a level 4 spell: Hailstorm
 26537 | Lair:6   | Found a staircase to the Slime Pits.
 27299 | Swamp:1  | Entered Level 1 of the Swamp
 27980 | Swamp:2  | Identified the +8 scimitar of Beogh's Pride {vorpal, rElec
                  | Will+}
 28221 | Swamp:3  | Received a gift from Sif Muna
 28344 | Swamp:3  | Noticed Mlioglotl
 28351 | Swamp:3  | Noticed a tentacled starspawn
 28351 | Swamp:3  | Killed Mlioglotl
 28461 | Swamp:3  | Noticed Mara
 28462 | Swamp:3  | Noticed Kirke
 28474 | Swamp:3  | Noticed kuniqs's illusion
 28481 | Swamp:3  | Killed Mara
 28482 | Swamp:3  | Reached skill level 15 in Invocations
 28482 | Swamp:3  | Gained mutation: You have claws for feet. [demonic
                  | ancestry]
 28482 | Swamp:3  | Reached XP level 17. HP: 109/125 MP: 12/33
 28542 | Swamp:3  | Killed Kirke
 28884 | Swamp:4  | Entered Level 4 of the Swamp
 29402 | Swamp:4  | Noticed the 27-headed Lernaean hydra
 29406 | Swamp:4  | Received a gift from Sif Muna
 29407 | Swamp:4  | Got Sif Muna's Papyrus of Conjuration and the Rocks {god
                  | gift}
 29523 | Swamp:4  | Killed the 27-headed Lernaean hydra
 29788 | Swamp:4  | Got a decaying rune of Zot
 30085 | Spider:1 | Entered Level 1 of the Spider Nest
 31209 | Spider:2 | Identified the +1 ring mail of Undesirable Species {Rampage
                  | Int+7}
 31241 | Spider:2 | Noticed Arachne
 31254 | Spider:2 | Killed Arachne
 31284 | Spider:2 | Noticed Nikola
 31417 | Spider:2 | Noticed Frances
 31430 | Spider:2 | Killed Frances
 31435 | Spider:2 | Received a gift from Sif Muna
 31442 | Spider:2 | Got Sif Muna's Reference Book on Sinister Beguiling {god
                  | gift}
 31610 | Spider:2 | Reached skill level 15 in Conjurations
 32045 | Spider:2 | Killed Nikola
 32353 | Spider:3 | Gained mutation: Your magical and physical power is
                  | slightly enhanced at high health. [demonic ancestry]
 32353 | Spider:3 | Reached XP level 18. HP: 132/132 MP: 24/35
 32738 | Spider:3 | Identified the ring "Hoph" {rElec Dex+6}
 32874 | Spider:4 | Entered Level 4 of the Spider Nest
 33047 | Spider:4 | Learned a level 5 spell: Fireball
 33050 | Spider:4 | Received a gift from Sif Muna
 33594 | Spider:4 | Got a gossamer rune of Zot
 33947 | Elf:1    | Entered Level 1 of the Elven Halls
 33952 | Elf:1    | Paralysed by an air elemental for 1 turns
 33959 | Elf:1    | Paralysed by an air elemental for 1 turns
 34027 | Elf:1    | Received a gift from Sif Muna
 34489 | Elf:1    | Got Sif Muna's Papyrus of Calling
 34903 | Elf:2    | Reached skill level 15 in Spellcasting
 34904 | Elf:2    | Reached XP level 19. HP: 138/138 MP: 9/38
 34910 | Elf:2    | Found a runed translucent gate.
 34910 | Elf:2    | Found a runed translucent gate.
 34910 | Elf:2    | Found a runed translucent gate.
 35127 | Elf:2    | Received a gift from Sif Muna
 35128 | Elf:2    | Got Sif Muna's Catalogue of Mutagenic Translocation {god
                  | gift}
 35129 | Elf:2    | Found Iboinump's Jewellery Shoppe.
 35130 | Elf:2    | Found Xajote's Book Shop.
 35132 | Elf:2    | Found Etwesar's Jewellery Shoppe.
 35140 | Elf:2    | Bought a manual of Dodging for 1040 gold pieces
 35284 | Elf:2    | Found a runed translucent gate.
 35284 | Elf:2    | Found a runed translucent gate.
 35284 | Elf:2    | Found a runed translucent gate.
 35368 | Elf:2    | Found an ancient bone altar of Kikubaaqudgha.
 35600 | Elf:3    | Entered Level 3 of the Elven Halls
 35600 | Elf:3    | Noticed Saint Roka
 35708 | Elf:3    | Killed Saint Roka
 35921 | Elf:3    | Noticed Donald
 35925 | Elf:3    | Killed Donald
 35970 | Elf:3    | Reached skill level 10 in Dodging
 36114 | Elf:3    | Paralysed by an air elemental for 1 turns
 36210 | Elf:3    | Identified the +2 kite shield "Wacs" {rElec Regen+ Str-5
                  | Int+4}
 36210 | Elf:3    | Identified the +1 chain mail of the Game Afoot {Will++
                  | Dex+4 Slay+3}
 36265 | Elf:3    | Identified the +6 shortbow "Egouco" {flame, rPois rF+}
 36276 | Elf:3    | Identified the -3 cloak "Meyfuth" {rF+}
 36279 | Elf:3    | Identified the amulet "Apibaemp" {Spirit rPois rF+ rCorr
                  | Int-2}
 37002 | Vaults:1 | Entered Level 1 of the Vaults
 37044 | Vaults:1 | Found a runed translucent gate.
 37044 | Vaults:1 | Found a runed translucent gate.
 37044 | Vaults:1 | Found a runed translucent gate.
 37044 | Vaults:1 | Noticed Paarhy's ghost (legendary MfBe)
 37171 | Vaults:1 | Reached skill level 10 in Stealth
 37211 | D:14     | Learned a level 5 spell: Irradiate
 37215 | Vaults:1 | Reached ****** piety under Sif Muna
 37216 | Vaults:1 | Reached skill level 5 in Shields
 37222 | Vaults:1 | Gained mutation: Your magical and physical power is
                  | enhanced at high health. [demonic ancestry]
 37222 | Vaults:1 | Reached XP level 20. HP: 113/144 MP: 3/39
 37225 | Vaults:1 | Received a gift from Sif Muna
 37227 | Vaults:1 | Got Sif Muna's Reference Book on Conjuration and Clay {god
                  | gift}
 37627 | Vaults:1 | Found a portal to a secret trove of treasure.
 37714 | Vaults:1 | Reached skill level 5 in Staves
 37784 | Vaults:1 | Found Feyr's Armour Shop.
 38290 | Vaults:1 | Learned a level 4 spell: Dispel Undead
 38352 | Vaults:2 | Reached skill level 1 in Necromancy
 38557 | Vaults:2 | Received a gift from Sif Muna
 38558 | Vaults:2 | Got Sif Muna's Disquisition on Battle Magic {god gift}
 38574 | Vaults:2 | Learned a level 7 spell: Orb of Destruction
 38618 | Vaults:2 | Learned a level 5 spell: Lightning Bolt
 38715 | Vaults:2 | Found a staircase to the Crypt.
 38715 | Vaults:2 | Found a basalt altar of Yredelemnul.
 38715 | Vaults:2 | Found an ancient bone altar of Kikubaaqudgha.
 38870 | Vaults:2 | Reached skill level 1 in Air Magic
 39562 | Vaults:3 | Gained mutation: You regenerate a lot of health from kills.
                  | [demonic ancestry]
 39562 | Vaults:3 | Reached XP level 21. HP: 150/150 MP: 35/40
 39854 | Vaults:3 | Received a gift from Sif Muna
 39855 | Vaults:3 | Got Asmodeus's Almanac of the Entourage {god gift}
 40239 | Vaults:3 | You fall into a shaft and drop 1 floor!
 40297 | Vaults:4 | Reached skill level 10 in Staves
 40627 | Vaults:3 | Found a radiant altar of Vehumet.
 40653 | Vaults:3 | Identified the +0 hat of the Fisher {Stlth+}
 41535 | Vaults:4 | Reached skill level 15 in Stealth
 42193 | Elf:2    | Received a gift from Sif Muna
 42194 | Elf:2    | Got Sif Muna's Collected Works on Calling {god gift}
 42289 | Elf:2    | Reached skill level 10 in Shields
 42856 | Vaults:1 | Killed Paarhy's ghost
 42857 | Vaults:1 | Gained mutation: Your magical and physical power is greatly
                  | enhanced at high health. [demonic ancestry]
 42857 | Vaults:1 | Reached XP level 22. HP: 104/157 MP: 5/41
 43059 | Crypt:1  | Entered Level 1 of the Crypt
 43289 | Crypt:1  | Received a gift from Sif Muna
 43290 | Crypt:1  | Got Sif Muna's Handbook of Damage Dealing {god gift}
 43293 | Crypt:1  | Found a burning altar of Makhleb.
 44600 | Crypt:3  | Entered Level 3 of the Crypt
 44843 | Crypt:3  | Received a gift from Sif Muna
 44902 | Crypt:3  | Found a staircase to the Tomb.
 44902 | Crypt:3  | Noticed a royal mummy
 44924 | Crypt:3  | Killed a royal mummy
 44925 | Crypt:3  | Reached skill level 10 in Fighting
 45094 | Crypt:3  | Noticed Sojobo
 45097 | Crypt:3  | Reached skill level 10 in Armour
 45188 | Crypt:3  | Identified the +0 leather armour of Lugonu's Hope {Int+3}
 45503 | Crypt:2  | Found an ancient bone altar of Kikubaaqudgha.
 45641 | Crypt:3  | Found a basalt altar of Yredelemnul.
 45651 | Crypt:3  | Received a gift from Sif Muna
 45841 | Crypt:3  | Identified the ring "Araeppyo" {rElec rN+ Str+3}
 45843 | Crypt:3  | Identified the +6 dagger of Cyekhlomn {freeze, Will+}
 45843 | Crypt:3  | Identified the ring of Kindness {rF+ Will+}
 45855 | Crypt:3  | Gained mutation: Your movements are significantly less
                  | encumbered by armour. (ER -6) [demonic ancestry]
 45855 | Crypt:3  | Reached XP level 23. HP: 168/169 MP: 18/42
 45888 | Crypt:3  | Identified the ring of False Pretenses {rN+ Will+ Int+3}
 45888 | Crypt:3  | Identified the ring "Cugety" {rN+ Int+4}
 45964 | Crypt:3  | Paralysed by an air elemental for 1 turns
 45969 | Crypt:3  | Killed Sojobo
 46467 | Vaults:2 | Learned a level 8 spell: Necromutation
 46651 | Depths:1 | Entered Level 1 of the Depths
 46920 | Depths:1 | Reached skill level 1 in Transmutations
 46978 | Depths:1 | Found a gateway to Hell.
 46987 | Depths:1 | Found Hienil's Elemental Accessories.
 47014 | Depths:1 | Noticed Aizul
 47017 | Depths:1 | Killed Aizul
 47284 | Depths:1 | Received a gift from Sif Muna
 47287 | Depths:1 | Got Cig Xyer's Incunabulum of Captivating Arcane Weapons
                  | {god gift}
 47372 | Depths:1 | Found a bloodstained altar of Trog.
 47763 | Depths:2 | Reached skill level 5 in Necromancy
 47924 | Depths:2 | Reached skill level 15 in Dodging
 48166 | Depths:2 | Received a gift from Sif Muna
 48167 | Depths:2 | Got Sif Muna's Handbook of Transformation and Attacks {god
                  | gift}
 48356 | Depths:2 | Noticed an ancient lich
 48360 | Depths:2 | Killed an ancient lich
 48812 | Depths:2 | Identified the +2 plate armour of Prudence {rPois}
 48857 | Depths:2 | Learned a level 3 spell: Ozocubu's Armour
 48956 | Depths:2 | Acquired kuniqs's Papyrus of Changing and Beguiling
 49059 | Depths:2 | Received a gift from Sif Muna
 49060 | Depths:2 | Reached XP level 24. HP: 179/179 MP: 19/42
 49060 | Depths:2 | Reached skill level 1 in Ice Magic
 49060 | Depths:2 | Reached XP level 25. HP: 186/186 MP: 19/42
 49061 | Depths:2 | Got Sif Muna's Reference Book on Bewitching Snow {god gift}
 49106 | Depths:2 | Reached skill level 5 in Transmutations
 49286 | Hell     | Entered the Vestibule of Hell
 49286 | Hell     | Noticed Geryon
 49360 | Hell     | Killed Geryon
 49805 | Hell     | Found a gateway to the ashen valley of Gehenna.
 49891 | Hell     | Found a gateway to the decaying netherworld of Tartarus.
 49913 | Hell     | Reached skill level 15 in Shields
 50023 | Hell     | Found a gateway to the freezing wastes of Cocytus.
 50088 | Hell     | Received a gift from Sif Muna
 50133 | Hell     | Found a gateway to the Iron City of Dis.
 50380 | Depths:2 | Reached XP level 26. HP: 175/175 MP: 33/42
 50835 | Depths:3 | Found a gateway to a ziggurat.
 51170 | Depths:3 | Found the +10 tower shield of Ignorance {rN+ Int-4}
 51595 | Depths:4 | Noticed Mennas
 51600 | Depths:4 | Found a one-way gate to the infinite horrors of the Abyss.
 51634 | Depths:4 | Found a flickering gateway to a bazaar.
 51645 | Depths:4 | Killed Mennas
 51654 | Bazaar   | Entered a bazaar
 51723 | Bazaar   | Found Jetofeq's Book Emporium.
 51762 | Bazaar   | Found Suofiass's General Store.
 51767 | Bazaar   | Bought a scroll of teleportation for 39 gold pieces
 51767 | Bazaar   | Bought a scroll of acquirement for 676 gold pieces
 51841 | Bazaar   | Found Guxoti's General Store.
 51848 | Bazaar   | Bought a wand of digging (3) for 112 gold pieces
 51848 | Bazaar   | Bought a potion of heal wounds for 40 gold pieces
 51880 | Bazaar   | Found Ryixtysiu's Jewellery Shoppe.
 51887 | Bazaar   | Bought the ring of Xom's Bemusement {rF++ rC++ rN+ Str-3}
                  | for 557 gold pieces
 51910 | Depths:4 | Paralysed by a floating eye for 3 turns
 51924 | Depths:4 | Found a magical portal.
 51937 | WizLab   | Entered Iskenderun's Mystic Tower
 52239 | WizLab   | Received a gift from Sif Muna
 52263 | WizLab   | Learned a level 2 spell: Blink
 52694 | WizLab   | Reached skill level 10 in Necromancy
 53077 | Depths:4 | Gained mutation: When low on magic, you restore magic in
                  | place of health. [demonic ancestry]
 53077 | Depths:4 | Reached XP level 27. HP: 176/203 MP: 5/42
 53106 | Depths:4 | Identified the +3 war axe of Hepliaklqana's Envy {protect,
                  | *Slow rN++}
 53106 | Depths:4 | Identified the ring "Qobric" {Fly rF++ rN+}
 53182 | Depths:4 | Identified the +5 quick blade of Fedhas's Grace {pain, rF+
                  | Will+}
 53305 | Depths:3 | Identified the +2 quarterstaff of Untimely Demise {holy,
                  | rElec rF+ Str-3}
 53386 | Depths:4 | Received a gift from Sif Muna
 53391 | Depths:4 | Got Sif Muna's Grimoire of Attacks and the Frostbite {god
                  | gift}
 53627 | Depths:5 | Entered Level 5 of the Depths
 53732 | Depths:5 | Noticed Frederick
 53740 | Depths:5 | Killed Frederick
 54025 | Depths:5 | Identified the +6 hand crossbow of Kismet {elec, Int+5
                  | SInv}
 54173 | Depths:5 | Found an opulent altar of Gozag.
 54359 | Depths:5 | Found a gate to the Realm of Zot.
 54418 | Depths:5 | Acquired a manual of Dodging
 54420 | Depths:5 | Acquired the +2 cloak of Dyspraxia {Int+6 Dex-4 SInv}
 54771 | Vaults:3 | Learned a level 9 spell: Chain Lightning
 55074 | Slime:1  | Entered Level 1 of the Pits of Slime
 55216 | Slime:3  | Received a gift from Sif Muna
 55430 | Slime:4  | Reached skill level 10 in Transmutations
 55624 | Slime:3  | Reached skill level 15 in Fighting
 55719 | Slime:2  | Reached skill level 5 in Air Magic
 55868 | Slime:1  | Received a gift from Sif Muna
 55869 | Slime:1  | Got Sif Muna's Handbook of Hurtful Weightlessness {god
                  | gift}
 56735 | Slime:5  | Entered Level 5 of the Pits of Slime
 56760 | Slime:5  | Noticed the Royal Jelly
 56858 | Slime:5  | Killed the Royal Jelly
 56859 | Slime:5  | Reached skill level 15 in Armour
 56946 | Slime:5  | Found the macabre finger necklace {rN+}
 57036 | Slime:5  | Identified the +4 ice dragon scales "Mett" {rF- rC++ rN+
                  | MP-9 Dex+2}
 57039 | Slime:5  | Identified the +2 troll leather armour "Juyptic" {Regen+
                  | SInv}
 57061 | Slime:5  | Identified the +0 robe of Eternal Night {+Inv rPois rN+++
                  | Str-2}
 57069 | Slime:5  | Identified the ring "Zaor" {Ice rElec rN++ Str-2}
 57116 | Slime:5  | Got a slimy rune of Zot
 57775 | Zot:1    | Entered Level 1 of the Realm of Zot
 57908 | Zot:1    | Received a gift from Sif Muna
 57936 | Zot:1    | Got Sif Muna's Papyrus of Shape Shifting and Weightlessness
                  | {god gift}
 57953 | Zot:1    | Noticed an orb of fire
 57960 | Zot:1    | Killed an orb of fire
 58067 | Zot:1    | Identified the -6 pair of boots of the Equinox {rElec rC+
                  | Stlth-}
 58282 | Zot:1    | Reached skill level 10 in Air Magic
 58285 | Zot:1    | Noticed an orb of fire
 58354 | Zot:1    | Killed an orb of fire
 59153 | Zot:3    | Received a gift from Sif Muna
 59154 | Zot:3    | Got Caton's Tome of Creative Earth {god gift}
 60350 | Zot:5    | Entered Level 5 of the Realm of Zot
 60581 | Zot:5    | Noticed a dread lich
 60587 | Zot:5    | Killed a dread lich
 60820 | Zot:5    | Noticed an orb of fire
 60824 | Zot:5    | Killed an orb of fire
 60824 | Zot:5    | Noticed an orb of fire
 60824 | Zot:5    | Noticed an orb of fire
 60825 | Zot:5    | Gained mutation: Your magical capacity is low. (-10% MP)
                  | [an orb of fire]
 60828 | Zot:5    | Found the +4 dragonskin cloak
 60828 | Zot:5    | Noticed Tiamat
 60835 | Zot:5    | Killed an orb of fire
 60837 | Zot:5    | Noticed an orb of fire
 60839 | Zot:5    | Killed an orb of fire
 61034 | Zot:5    | Killed Tiamat
 61039 | Zot:5    | Killed an orb of fire
 61040 | Zot:5    | Reached skill level 15 in Air Magic
 61100 | Zot:5    | Noticed an ancient lich
 61108 | Zot:5    | Noticed a dread lich
 61114 | Zot:5    | Killed an ancient lich
 61116 | Zot:5    | Killed a dread lich
 61119 | Zot:5    | Noticed an ancient lich
 61122 | Zot:5    | Killed an ancient lich
 61642 | Pan      | Entered Pandemonium
 61689 | Pan      | Noticed Paunnopp the pandemonium lord
 61694 | Pan      | Killed Paunnopp the pandemonium lord
 61696 | Pan      | Got a demonic rune of Zot
 61804 | Pan      | Found a runed translucent door.
 61811 | Pan      | Found a runed translucent door.
 61814 | Pan      | Found a runed translucent door.
 61816 | Pan      | Noticed Ipteb the pandemonium lord
 61819 | Pan      | Killed Ipteb the pandemonium lord
 61824 | Depths:5 | Escaped Pandemonium
 61826 | Pan      | Entered Pandemonium
 61871 | Pan      | Noticed Xywuut the pandemonium lord
 61878 | Pan      | Killed Xywuut the pandemonium lord
 62100 | Pan      | Entered the realm of Cerebov.
 62198 | Pan      | Found the +6 sword of Cerebov {flame}
 62198 | Pan      | Noticed Cerebov
 62303 | Pan      | Killed Cerebov
 62312 | Pan      | Got a fiery rune of Zot
 62328 | Pan      | Identified the +2 cloak of Amorality {rC- Will+++ rCorr
                  | Slay+3}
 62330 | Pan      | Identified the +4 great sword "Favubah" {spect, rF+ MP+9
                  | Int-4}
 62334 | Pan      | Identified the ring of the Skies Above {+Blink rElec Str+6
                  | Int+2 Stlth+}
 62424 | Pan      | Identified the +3 plate armour of Eternity {Will+ Int+7}
 62432 | Pan      | Identified the +2 chain mail "Kuremis" {Will+}
 62455 | Pan      | Identified the ring of Conflict {Will+ Str+6 Dex+4 Stlth+}
 62626 | Pan      | Noticed Bekh the pandemonium lord
 62629 | Pan      | Killed Bekh the pandemonium lord
 62654 | Pan      | Learned a level 8 spell: Lehudib's Crystal Spear
 62709 | Pan      | Found a transporter.
 62772 | Pan      | Found a transporter.
 62801 | Pan      | Identified the ring "Lesue" {Wiz +Blink Will+ SInv}
 62814 | Pan      | Identified the ring of the Forgotten Suns {Will+ Int+6}
 62846 | Pan      | Learned a level 1 spell: Apportation
 62911 | Pan      | Learned a level 7 spell: Ozocubu's Refrigeration
 62982 | Pan      | Entered the realm of Mnoleg.
 63008 | Pan      | Reached skill level 5 in Ice Magic
 63029 | Pan      | Noticed Mnoleg
 63040 | Pan      | Killed Mnoleg
 63051 | Pan      | Got a glowing rune of Zot
 63130 | Pan      | Entered the realm of Gloorx Vloq.
 63130 | Pan      | Found an exit through the horrors of the Abyss.
 63278 | Pan      | Noticed Gloorx Vloq
 63284 | Pan      | Killed Gloorx Vloq
 63305 | Pan      | Got a dark rune of Zot
 63380 | Pan      | Found an exit through the horrors of the Abyss.
 63387 | Pan      | Noticed Gicw the pandemonium lord
 63391 | Pan      | Killed Gicw the pandemonium lord
 63432 | Pan      | Found an exit through the horrors of the Abyss.
 63837 | Pan      | Identified the +4 mace of the Gloaming {flame, rCorr Int+4
                  | Dex+2}
 64085 | Pan      | Identified the +12 flail of the Nine Xeniums {freeze, rF+
                  | Int+4 SInv}
 64085 | Pan      | Noticed a seraph
 64093 | Pan      | Killed a seraph
 64118 | Pan      | Identified the +0 helmet "Plog" {rF++ rC+ Stlth-}
 64122 | Pan      | Identified the +9 trident of Callousness {flame, rN+ rCorr
                  | Stlth-}
 64181 | Pan      | Identified the +0 tower shield of Yredelemnul's Whim
                  | {Str+3}
 64414 | Pan      | Reached skill level 10 in Ice Magic
 64477 | Depths:5 | Escaped Pandemonium
 64635 | Pan      | Entered Pandemonium
 64697 | Pan      | Noticed Fussa the pandemonium lord
 64700 | Pan      | Entered the realm of Lom Lobon.
 64781 | Pan      | Found an exit through the horrors of the Abyss.
 65018 | Pan      | Noticed Lom Lobon
 65033 | Pan      | Killed Lom Lobon
 65074 | Pan      | Got a magical rune of Zot {@q3}
 65155 | Pan      | Took an exit into the Abyss.
 65155 | Abyss:1  | Escaped into the Abyss
 65208 | Abyss:1  | Noticed an ancient lich
 65215 | Abyss:1  | Killed an ancient lich
 65296 | Abyss:1  | Identified the +7 falchion of Pizah {drain, MP+9 Stlth+}
 65369 | Abyss:1  | Found a corrupted altar of Lugonu.
 65523 | Abyss:2  | Found a corrupted altar of Lugonu.
 65532 | Abyss:2  | Found a corrupted altar of Lugonu.
 65594 | Abyss:2  | Identified the +8 dagger "Meseleq" {vorpal, rPois rC+ rN++
                  | Will-}
 65807 | Abyss:4  | Found a corrupted altar of Lugonu.
 65830 | Abyss:5  | Entered Level 5 of the Abyss
 65867 | Abyss:5  | Found a corrupted altar of Lugonu.
 66193 | Abyss:5  | Paralysed by accursed screaming for 1 turns
 66197 | Abyss:5  | Found a corrupted altar of Lugonu.
 66253 | Abyss:5  | Noticed an ancient lich
 66265 | Abyss:5  | Got an abyssal rune of Zot
 66290 | Abyss:5  | Killed an ancient lich
 66293 | Depths:5 | Escaped the Abyss
 66381 | Dis:1    | Entered Level 1 of the Iron City of Dis
 66802 | Dis:7    | Entered Level 7 of the Iron City of Dis
 66992 | Dis:7    | Identified the +3 plate armour of Trial and Error {rC++
                  | Str-2 Dex+5}
 67067 | Dis:7    | Found the +4 staff of Dispater
 67067 | Dis:7    | Noticed Dispater
 67077 | Dis:7    | Killed Dispater
 67085 | Dis:7    | Got an iron rune of Zot
 67345 | Geh:1    | Entered Level 1 of Gehenna
 67481 | Geh:3    | You fall into a shaft and drop 1 floor!
 67516 | Geh:4    | You fall into a shaft and drop 2 floors!
 67697 | Geh:7    | Entered Level 7 of Gehenna
 67881 | Geh:7    | Identified the +12 rapier "Roydusti" {vorpal, Str+2}
 68025 | Geh:7    | Found the +7 sceptre of Asmodeus
 68025 | Geh:7    | Noticed Asmodeus
 68029 | Geh:7    | Killed Asmodeus
 68041 | Geh:7    | Found the +9 sword of Zonguldrok {reap}
 68047 | Geh:7    | Found the +4 skin of Zhor {*Englaciate rC+++ SInv}
 68049 | Geh:7    | Identified the ring of Amelioration {Drain rN+ Will+ Dex+7}
 68059 | Geh:7    | Identified the amulet of Gyusk {Faith Rampage Will+ MP+9}
 68068 | Geh:7    | Got an obsidian rune of Zot
 68365 | Tar:1    | Entered Level 1 of Tartarus
 69094 | Tar:7    | Entered Level 7 of Tartarus
 69604 | Tar:7    | Reached skill level 27 in Invocations
 69622 | Tar:7    | Noticed Ereshkigal
 69629 | Tar:7    | Killed Ereshkigal
 69641 | Tar:7    | Identified the +0 plate armour of Cheibriados's Envy {rCorr
                  | MP-9 Dex+7 Slay+4}
 69645 | Tar:7    | Identified the +5 hunting sling of the Doomed Warrior
                  | {flame, Fragile Will+ rCorr Dex+6}
 69649 | Tar:7    | Got a bone rune of Zot
 69650 | Tar:7    | Identified the +11 scythe of Toetrap {freeze, +Blink rCorr
                  | Int+6 Stlth-}
 69654 | Tar:7    | Identified the ring of Relativism {rF+ Will+}
 69723 | Tar:7    | Found the brooch of Shielding {Spirit SH+8}
 69731 | Tar:7    | Identified the ring of Nizih {Fly rPois EV+4}
 69973 | Coc:1    | Entered Level 1 of Cocytus
 70345 | Coc:5    | You are sucked into a shaft and drop 1 floor!
 70390 | Coc:7    | Entered Level 7 of Cocytus
 70734 | Coc:7    | Reached skill level 27 in Spellcasting
 70768 | Coc:7    | Noticed Antaeus
 70783 | Coc:7    | Killed Antaeus
 70793 | Coc:7    | Got an icy rune of Zot
 70818 | Coc:7    | Identified the +4 war axe of the Solstice {vorpal, +Rage
                  | Fly rPois}
 70833 | Coc:7    | Identified the +7 morningstar of Drought {vorpal, rN+ Will-
                  | Stlth+}
 71007 | Hell     | Learned a level 9 spell: Polar Vortex
 71015 | Hell     | Learned a level 4 spell: Dispel Undead
 71025 | Hell     | Learned a level 9 spell: Fire Storm
 71042 | Hell     | Lost mutation: Your magical capacity is low. (-10% MP)
                  | [potion of mutation]
 71042 | Hell     | Gained mutation: Your muscles are strong. (Str +2) [potion
                  | of mutation]
 71043 | Hell     | Lost mutation: Your muscles are strong. (Str +2) [potion of
                  | mutation]
 71043 | Hell     | Gained mutation: You expend magic power (3 MP) to
                  | strengthen your wands. [potion of mutation]
 71043 | Hell     | Gained mutation: Your mind is acute. (Int +2) [potion of
                  | mutation]
 71043 | Hell     | Gained mutation: You are robust. (+10% HP) [potion of
                  | mutation]
 71380 | Vaults:5 | Entered Level 5 of the Vaults
 71385 | Vaults:5 | Reached skill level 5 in Fire Magic
 71429 | Vaults:5 | Noticed a dread lich
 71437 | Vaults:5 | Killed a dread lich
 71653 | Vaults:5 | Identified the +1 leather armour of Exceptional Liberty
                  | {rElec Will- rCorr}
 71804 | Vaults:5 | Found Ypleusos's Distillery.
 71811 | Vaults:5 | Bought a potion of heal wounds for 60 gold pieces
 71811 | Vaults:5 | Bought a potion of curing for 36 gold pieces
 71811 | Vaults:5 | Bought a potion of curing for 36 gold pieces
 71811 | Vaults:5 | Bought a potion of haste for 120 gold pieces
 71811 | Vaults:5 | Bought a potion of cancellation for 96 gold pieces
 71811 | Vaults:5 | Bought a potion of curing for 36 gold pieces
 71811 | Vaults:5 | Bought a potion of heal wounds for 60 gold pieces
 71811 | Vaults:5 | Bought a potion of brilliance for 48 gold pieces
 71811 | Vaults:5 | Bought 2 potions of haste for 240 gold pieces
 71811 | Vaults:5 | Bought a potion of resistance for 120 gold pieces
 71811 | Vaults:5 | Bought a potion of haste for 120 gold pieces
 71811 | Vaults:5 | Bought a potion of mutation for 96 gold pieces
 71914 | Vaults:5 | Identified the -2 pair of gloves of a ziggurat {rC+ Str-2
                  | Int+7}
 72000 | Vaults:5 | Got a silver rune of Zot
 72407 | Tomb:1   | Entered Level 1 of the Tomb of the Ancients
 72511 | Tomb:1   | Noticed Boris
 72515 | Tomb:1   | Killed Boris
 72519 | Tomb:1   | Noticed a royal mummy
 72519 | Tomb:1   | Noticed a royal mummy
 72523 | Tomb:1   | Killed a royal mummy
 72524 | Tomb:1   | Reached skill level 27 in Conjurations
 72525 | Tomb:1   | Killed a royal mummy
 72547 | Tomb:1   | Noticed a royal mummy
 72555 | Tomb:1   | Killed a royal mummy
 72683 | Tomb:2   | Reached skill level 10 in Fire Magic
 72683 | Tomb:2   | Noticed a royal mummy
 72683 | Tomb:2   | Noticed a royal mummy
 72683 | Tomb:2   | Noticed a royal mummy
 72683 | Tomb:2   | Noticed a royal mummy
 72687 | Tomb:2   | Killed a royal mummy
 72687 | Tomb:2   | Killed a royal mummy
 72688 | Tomb:2   | Killed a royal mummy
 72689 | Tomb:2   | Killed a royal mummy
 72806 | Tomb:3   | Entered Level 3 of the Tomb of the Ancients
 72826 | Tomb:3   | Noticed a royal mummy
 72826 | Tomb:3   | Noticed a royal mummy
 72827 | Tomb:3   | Noticed a royal mummy
 72827 | Tomb:3   | Noticed a royal mummy
 72827 | Tomb:3   | Noticed a royal mummy
 72828 | Tomb:3   | Noticed a royal mummy
 72828 | Tomb:3   | Noticed a royal mummy
 72830 | Tomb:3   | Killed a royal mummy
 72830 | Tomb:3   | Killed a royal mummy
 72830 | Tomb:3   | Killed a royal mummy
 72830 | Tomb:3   | Killed a royal mummy
 72830 | Tomb:3   | Killed a royal mummy
 72830 | Tomb:3   | Killed a royal mummy
 72833 | Tomb:3   | Killed a royal mummy
 72833 | Tomb:3   | Noticed a royal mummy
 72834 | Tomb:3   | Noticed a royal mummy
 72838 | Tomb:3   | Killed a royal mummy
 72840 | Tomb:3   | Killed a royal mummy
 72856 | Tomb:3   | Got a golden rune of Zot
 72904 | Tomb:3   | Identified the ring "Neusisaedy" {rElec rC+ Str-4 Dex+2}
 72905 | Tomb:3   | Identified the +3 ring mail of the Poles {rElec}
 73673 | Zot:5    | Got the Orb of Zot
 74034 | D:14     | Noticed Doulabuo the pandemonium lord
 74035 | D:14     | Killed Doulabuo the pandemonium lord
 74109 | D:10     | Noticed Weat the pandemonium lord
 74111 | D:10     | Killed Weat the pandemonium lord
 74231 | D:5      | Noticed a seraph
 74235 | D:5      | Killed a seraph
 74307 | D:$      | Escaped with the Orb!

Illustrated notes

Levels and vault maps discovered:
D:1:      matt_arrival_spirals, layout_basic, shapermc_ecumenical_altar_ellora,
          serial_shops, nicolae_shop_stone, serial_rivers,
          chequers_serial_rivers_marsh, chequers_serial_rivers_marsh,
          chequers_serial_rivers_room_a, chequers_serial_rivers_room_a,
          minmay_tromino_mix6
D:2:      layout_rooms, kennysheep_another_room, minmay_tree_intersection,
          minmay_snake_closets, uniq_sigmund
D:3:      layout_loops_ring
D:4:      gammafunk_cloud_chamber, layout_basic, portal_sewer_entry_c,
          uniq_edmund
D:5:      layout_cave_pods, uniq_blork_the_orc, uniq_duvessa
D:6:      layout_gridville, minmay_temple_entry_stoned_glass
D:7:      minmay_s_stair_smasher, layout_basic
D:8:      layout_basic, hangedman_decor_push, roderic_serpentine_path,
          uniq_maggie, uniq_maurice, uniq_psyche, uniq_erica
D:9:      layout_basic, mainiacjoe_overflow_small_starburst,
          minmay_lair_entry_grove, kennysheep_orc_monster_closet_entryway,
          grunt_ministairs_1, grunt_decor_one_mirror
D:10:     layout_roguey, kennysheep_crisscross, uniq_erolcha
D:11:     kennysheep_blocky_hall, layout_basic
D:12:     layout_basic, serial_shops, shop, hangedman_decor_riveting
D:13:     hangedman_what_comes_after_a, layout_basic, serial_shops, shop,
          hex_tiny
D:14:     minmay_isolated_rectangles_in_corner, layout_loops_ring,
          lightli_vaults_fourway_checkpoint, minivault_27,
          gauntlet_entry_generic
D:15:     grunt_enter_depths_snipers, layout_loops_corners, minivault_4
Temple:   regret_index_temple_sigil_plot
Lair:1:   layout_gridlike
Lair:2:   layout_regular_city, minmay_swamp_entry_worms, st_stairs_8,
          serial_bayou_shore_b, lemuel_fruit_fields, uniq_sonja, uniq_urug
Lair:3:   layout_loops_ring, nicolae_spider_entry_tight_spaces,
          minmay_stone_trees_small, grunt_megastairs_5, serial_bayou_shore_a
Lair:4:   layout_layer_cave, uniq_nessos
Lair:5:   layout_regular_city, basic_altar, grunt_megastairs_4,
          infiniplex_staircase_pool_2
Lair:6:   gammafunk_lair_ancient_temple, layout_hall_layers, slime_dummy,
          grunt_megastairs_3
Swamp:1:  layout_basic_swamp, hangedman_swamp_cone
Swamp:2:  layout_falls_marsh, nicolae_swamp_round_clearing
Swamp:3:  layout_basic_swamp, infiniplex_staircase_pool, uniq_mlioglotl,
          uniq_mara, uniq_kirke
Swamp:4:  swamp_old_school, layout_basic_swamp, swamp_pool5
Spider:1: layout_chambers
Spider:2: layout_chambers, uniq_frances, uniq_arachne, uniq_nikola
Spider:3: layout_spider_delve
Spider:4: spider_rune_water, lemuel_hornet_nest
Slime:1:  layout_caves, cheibrodos_slime_lost_civilization_4
Slime:2:  layout_caves, cheibrodos_slime_lost_civilization_7
Slime:3:  layout_caves, cheibrodos_slime_lost_civilization_6
Slime:4:  layout_caves
Slime:5
Orc:1:    layout_caves, serial_shops, nicolae_shop_stone, nicolae_orc_lava_tube,
          bh_open_orc_temple
Orc:2:    pf_orc_diabolical, layout_caves, portal_ice_cave_entry_ice_simulacra,
          uniq_snorg
Elf:1:    minmay_shoctagon, layout_geoelf_octagon, minmay_elf_demonology,
          drop_trap
Elf:2:    nicolae_elf_blades_crystal_corner, layout_loops_corners, basic_altar,
          nicolae_gammafunk_elf_defective_weapons_storage, minmay_shop_grove
Elf:3:    minmay_elf_hall_x, layout_gridlike, roderic_lattice_octagonal_star,
          uniq_saint_roka, uniq_donald
Vaults:1: gammafunk_vaults_ghost_split, v_pattern_1,
          nicolae_vaults_diagonal_hallway_9, st_octagons_1, vaults_dpeg_spiral,
          v_misc_3, v_misc_29, v_misc_3, v_misc_19, vaults_room_pools,
          layout_vaults_omnicross, serial_shops, nicolae_shop_stone,
          enter_trove_5
Vaults:2: hangedman_vaults_nodes, v_misc_32, vaults_room_corners,
          ontoclasm_vaults_eye, minmay_crypt_entry_necro_gods,
          hangedman_vaults_stitches, v_misc_9, vaults_room_door_ring,
          hangedman_vaults_impose, nicolae_vaults_meeting, layout_vaults_ring
Vaults:3: hangedman_vaults_capsules, nicolae_vaults_angled_halls, v_misc_31,
          hangedman_vaults_maws, vaults_room_fours, grunt_tower_of_power,
          hangedman_vaults_stagger, vaults_mumra_chevron_long,
          hangedman_vaults_snaps, v_misc_14, vaults_dpeg_encased_lava,
          ontoclasm_vaults_gateway, nicolae_vaults_shelves_hall,
          vaults_dpeg_cross, layout_vaults_maze_snakey
Vaults:4: hangedman_vaults_locks, ontoclasm_vaults_pinch, v_misc_27,
          nicolae_vaults_quartermaster, grunt_vaults_diagonal,
          hangedman_vaults_maws, nicolae_vaults_specimen_jars,
          grunt_vaults_hallway_short, layout_vaults_omnigrid
Vaults:5
Crypt:1:  layout_chaotic_city, nicolae_crypt_ancient_font, nzn_life_drinkers,
          grunt_crypt_arrival_webbed
Crypt:2:  layout_chaotic_city, grunt_megastairs_1, lemuel_elevator,
          lemuel_upstairs_altar
Crypt:3:  evilmike_haunted_forest, uniq_sojobo
Tomb:1:   uniq_boris
Tomb:2
Tomb:3
Depths:1: layout_honeycomb, hell_entry, grunt_pan_entry_zigzag,
          kennysheep_path_1, nicolae_elemental_shop,
          minmay_misc_feat_secret_circle, evilmike_spriggan_trog_shrine,
          uniq_aizul
Depths:2: lemuel_river_lethe, hell_entry
Depths:3: hourglass_vault, layout_honeycomb, enter_ziggurat_f, pan_entry,
          minmay_misc_feat_doors, hell_entry, infiniplex_staircase_star,
          firewood_loft
Depths:4: minmay_the_grid_square_5x5_3x3
          [minmay_the_grid_square_5x5_inverted_slash,
          minmay_the_grid_square_5x5_misaligned,
          minmay_the_grid_square_5x5_intrusive_squares,
          minmay_the_grid_square_5x5_inner_i,
          minmay_the_grid_square_5x5_megaprize_diamond,
          minmay_the_grid_square_5x5_bridge, minmay_the_grid_square_5x5_c,
          minmay_the_grid_square_5x5_gyroscope,
          minmay_the_grid_square_5x5_spiral], layout_cave_pools, hell_entry,
          serial_shops, bzr_entry_dummy, abyss_entry_crystal, mu_enter_wizlab_1,
          rand_demon_pan_entry_3, nrook_kobold_shadow_demons,
          minmay_staircase_statues, uniq_mennas
Depths:5: grunt_zot_entry_hairpin, layout_gridville, rand_demon_pan_entry_1,
          pf_vacation_house_of_asmodeus, st_stairs_4,
          nicolae_gozag_cash_rules_everything_around_me, uniq_frederick
Hell
Dis:1:    layout_gridville
Dis:2:    layout_gridville
Dis:3:    layout_chaotic_city
Dis:4:    layout_regular_city, nrook_loot_triangle
Dis:5:    layout_gridville
Dis:6:    layout_chaotic_city
Dis:7:    iron_city_of_dis [dis_grunt, dis_wall_6], layout_chaotic_city
Geh:1:    layout_gehenna_pools_triple
Geh:2:    layout_gehenna_lava_caves, nicolae_geh_single_fiery_grave
Geh:3:    layout_gehenna_lava_caves
Geh:4:    layout_gehenna_lava_caves, hangedman_elemental_grid_stream
Geh:6:    layout_gehenna_pools_triple
Geh:7:    geh_mu
Coc:1:    layout_ice_bergs
Coc:2:    layout_cocytus_water_paths, lemuel_elevator
Coc:3:    layout_cocytus_water_paths
Coc:4:    layout_cocytus_water_paths
Coc:5:    layout_ice_bergs
Coc:6:    layout_ice_bergs
Coc:7:    coc_grunt_cove [coc_grunt_cove_antaeus, coc_grunt_cove_fiend,
          coc_grunt_cove_fiend, coc_grunt_cove_fiend, coc_grunt_cove_fiend]
Tar:1:    layout_honeycomb, nicolae_tar_cuneiform_not, grunt_megastairs_2
Tar:2:    layout_grid_maze, lemuel_nasty_pond
Tar:3:    layout_grid_maze
Tar:4:    layout_honeycomb, nicolae_tar_cuneiform_to_be
Tar:5:    layout_grid_maze, nicolae_tar_cuneiform_three
Tar:6:    layout_catacombs
Tar:7:    tar_minmay_river
Zot:1:    grunt_zot_stairs_mandelzot, layout_basic
Zot:2:    layout_misc_corridors, grunt_ministairs_9
Zot:3:    layout_gridlike, st_stairs_1
Zot:4:    layout_misc_corridors, st_single_dragon_hoard_3, lemuel_flame_loot_1
Zot:5:    layout_twisted_circle, st_stairs_1, uniq_tiamat

Skill      XL: |  1  2  3  4  5  6  7  8  9 10 11 12 13 14 15 16 17 18 19 20 21 22 23 24 25 26 27 |
---------------+----------------------------------------------------------------------------------+-----
Stealth        | 2 3 4 5 6 7 9 10 12 15 | 15.2
Invocations    | 1 2 3 4 5 6 8 9 11 12 13 15 16 18 19 27 | 27.0
Fighting       | 1 2 3 5 6 7 9 11 12 13 19 | 19.5
Spellcasting   | 3 4 5 6 7 8 9 10 11 12 13 15 27 | 27.0
Conjurations   | 5 6 7 8 9 11 12 13 14 15 16 17 27 | 27.0
Shields        | 1 3 4 5 7 11 13 14 15 | 15.0
Dodging        | 4 6 8 9 12 14 15 16 17 20 | 20.7
Armour         | 4 6 7 8 9 10 11 12 13 15 | 15.0
Hexes          | 1 4 |  4.0
Translocations | 1 4 |  4.0
Evocations     | 1 4 7 9 |  9.0
Fire Magic     | 1 4 11 | 11.0
Staves         | 1 4 8 12 | 12.0
Necromancy     | 4 6 7 8 10 13 | 13.5
Air Magic      | 3 4 18 | 18.1
Transmutations | 4 6 8 11 | 11.2
Ice Magic      | 1 4 14 | 14.4

Action                   |  1- 3 |  4- 6 |  7- 9 | 10-12 | 13-15 | 16-18 | 19-21 | 22-24 | 25-27 || total
-------------------------+-------+-------+-------+-------+-------+-------+-------+-------+-------++-------
Melee: Dagger            |     3 |     6 |    56 |    96 |   148 |       |       |       |       ||   309
       Falchion          |     1 |    20 |       |       |       |       |       |       |       ||    21
       Kick              |       |       |       |       |    14 |    10 |    64 |   150 |   101 ||   339
       Staff             |       |       |       |       |    22 |    40 |   319 |   602 |   583 ||  1566
       Hand axe          |       |       |       |       |       |     4 |       |       |       ||     4
Throw: Dart              |       |       |       |       |     4 |     5 |       |       |       ||     9
 Cast: Magic Dart        |    74 |    98 |    61 |    96 |   538 |   619 |     4 |       |       ||  1490
       Searing Ray       |       |    12 |    45 |   140 |   187 |     1 |       |       |       ||   385
       Iskenderun's Myst |       |       |     1 |    32 |   100 |   143 |    66 |    24 |   206 ||   572
       Sticky Flame      |       |       |       |     4 |    49 |       |     1 |       |       ||    54
       Iskenderun's Batt |       |       |       |       |    80 |   115 |     3 |       |       ||   198
       Fulminant Prism   |       |       |       |       |    18 |     3 |       |       |       ||    21
       Stone Arrow       |       |       |       |       |     3 |    75 |    19 |       |       ||    97
       Hailstorm         |       |       |       |       |       |   102 |   152 |    20 |   145 ||   419
       Fireball          |       |       |       |       |       |    54 |   170 |    86 |   575 ||   885
       Lightning Bolt    |       |       |       |       |       |       |    56 |    18 |   308 ||   382
       Irradiate         |       |       |       |       |       |       |    18 |    15 |   129 ||   162
       Orb of Destructio |       |       |       |       |       |       |    12 |    26 |   134 ||   172
       Dispel Undead     |       |       |       |       |       |       |     5 |   236 |    57 ||   298
       Ozocubu's Armour  |       |       |       |       |       |       |       |     1 |     6 ||     7
       Chain Lightning   |       |       |       |       |       |       |       |       |   587 ||   587
       Necromutation     |       |       |       |       |       |       |       |       |   179 ||   179
       Lehudib's Crystal |       |       |       |       |       |       |       |       |    61 ||    61
       Ozocubu's Refrige |       |       |       |       |       |       |       |       |    26 ||    26
       Apportation       |       |       |       |       |       |       |       |       |    16 ||    16
       Shatter           |       |       |       |       |       |       |       |       |    13 ||    13
       Blink             |       |       |       |       |       |       |       |       |     4 ||     4
       Polar Vortex      |       |       |       |       |       |       |       |       |     2 ||     2
       Fire Storm        |       |       |       |       |       |       |       |       |     1 ||     1
Invok: Channel Magic     |       |       |       |     2 |    13 |     6 |     9 |     2 |     3 ||    35
       Divine Exegesis   |       |       |       |       |       |       |       |       |    16 ||    16
 Abil: End Transformatio |       |       |       |       |       |       |       |       |     7 ||     7
Evoke: Wand              |       |       |     2 |     6 |    22 |    11 |     1 |     2 |    14 ||    58
       Condenser vane    |       |       |       |       |       |     3 |       |     1 |     1 ||     5
  Use: Scroll            |       |     5 |     4 |    13 |    13 |     6 |    11 |     4 |    35 ||    91
       Potion            |       |       |       |       |     9 |     3 |     4 |     4 |    19 ||    39
 Stab: Sleeping          |       |       |     7 |     1 |       |       |       |     4 |     1 ||    13
       Invisible         |       |       |       |       |     1 |       |       |       |       ||     1
       Distracted        |       |       |       |       |       |       |       |     2 |     2 ||     4
Armor: Robe              |     5 |     6 |     5 |       |     3 |       |       |       |       ||    19
       Ring mail         |       |       |     4 |       |       |       |       |       |       ||     4
       Leather armour    |       |       |    11 |    14 |       |       |       |       |       ||    25
       Troll leather arm |       |       |       |    67 |   153 |   104 |   103 |   153 |   478 ||  1058
       Skin              |       |       |       |       |     6 |       |       |       |       ||     6
Dodge: Dodged            |     6 |    34 |    71 |   336 |   774 |   304 |   280 |   404 |  1017 ||  3226
Block: Buckler           |       |       |       |    67 |   163 |   109 |    17 |       |       ||   356
       Kite shield       |       |       |       |       |       |       |   141 |   395 |  1004 ||  1540

Table legend: (Time is in decaauts)
 A = Elapsed time spent in this place.
 B = Non-inter-level travel time spent in this place.
 C = Inter-level travel time spent in this place.
 D = Time resting spent in this place.
 E = Time spent auto-exploring this place.
 F = Levels seen in this place.
 G = Mean time per level.
                   A        B        C        D        E       F      G
               +--------+--------+--------+--------+--------+-----+--------+
         Total |  74714 |  66411 |   8303 |   7512 |  32399 | 121 |  617.5 |
       Dungeon |  19335 |  16189 |   3146 |   3615 |   8154 |  15 | 1289.0 |
        Temple |      7 |      7 |      0 |      0 |      2 |   1 |    7.0 |
          Lair |   5733 |   5148 |    585 |     82 |   4023 |   6 |  955.5 |
         Swamp |   2958 |   2808 |    150 |    324 |   1847 |   4 |  739.5 |
   Spider Nest |   3711 |   3578 |    133 |    274 |   2567 |   4 |  927.8 |
    Slime Pits |   2218 |   1936 |    282 |      0 |   1346 |   5 |  443.6 |
  Orcish Mines |   2634 |   2301 |    333 |    362 |   1089 |   2 | 1317.0 |
   Elven Halls |   3381 |   3149 |    232 |    270 |   1928 |   3 | 1127.0 |
        Vaults |   6453 |   5438 |   1015 |    125 |   3175 |   5 | 1290.6 |
         Crypt |   3538 |   3046 |    492 |     28 |   1619 |   3 | 1179.3 |
          Tomb |    595 |    585 |     10 |      0 |      0 |   3 |  198.3 |
        Depths |   6633 |   5684 |    949 |   1131 |   2966 |   5 | 1326.6 |
          Hell |   1056 |    790 |    266 |     50 |    350 |   1 | 1056.0 |
           Dis |    898 |    898 |      0 |      0 |      1 |   7 |  128.3 |
       Gehenna |    969 |    969 |      0 |      0 |      0 |   6 |  161.5 |
       Cocytus |    831 |    831 |      0 |      0 |      0 |   7 |  118.7 |
      Tartarus |   1561 |   1458 |    103 |      9 |      0 |   7 |  223.0 |
           Zot |   4196 |   3593 |    603 |    158 |   2330 |   5 |  839.2 |
         Abyss |   1109 |   1109 |      0 |      0 |     36 |   5 |  221.8 |
   Pandemonium |   3302 |   3302 |      0 |     84 |     54 |  22 |  150.1 |
        Bazaar |    251 |    251 |      0 |      0 |     31 |   1 |  251.0 |
         Sewer |    876 |    876 |      0 |      6 |    624 |   1 |  876.0 |
      Ice Cave |    778 |    778 |      0 |    235 |     87 |   1 |  778.0 |
        Wizlab |   1059 |   1059 |      0 |    588 |    166 |   1 | 1059.0 |
      Gauntlet |    622 |    622 |      0 |    171 |      0 |   1 |  622.0 |
               +--------+--------+--------+--------+--------+-----+--------+

Top non-repeatable levels by time:
    D:13: 2545 daAuts
    D:14: 2402 daAuts
Depths:2: 2036 daAuts
 Crypt:3: 1830 daAuts
     D:9: 1824 daAuts
   Orc:2: 1747 daAuts
    D:15: 1736 daAuts
Vaults:1: 1680 daAuts
Vaults:2: 1648 daAuts
Depths:1: 1499 daAuts
   Elf:2: 1329 daAuts
     D:1: 1288 daAuts
Depths:5: 1285 daAuts
   Zot:1: 1279 daAuts
Spider:2: 1274 daAuts
